 Dungeon Crawl Stone Soup version 0.18-a0-1702-gd20c6a5 (webtiles) character file.

303 graki42 the Insei (level 6, -1/39 HPs)
             Began as an Octopode Transmuter on Apr 8, 2016.
             Slain by an orc
             ... wielding a +0 whip
              (6 damage)
             ... on level 5 of the Dungeon.
             The game lasted 00:09:33 (2884 turns).

graki42 the Insei (Octopode Transmuter)             Turns: 2884, Time: 00:09:36

Health: -1/39      AC:  1    Str:  9    XL:     6   Next: 38%
Magic:  6/10       EV: 13    Int: 16    God:
Gold:   163        SH:  0    Dex: 14    Spells: 2 memorised, 7 levels left

rFire  + . .     SeeInvis .       - Unarmed
rCold  x . .     Gourm    .     (no shield)
rNeg   . . .     Faith    .     (helmet restricted)
rPois  .         Spirit   .     (no amulet)
rElec  .         Dismiss  .     k - ring of resist corrosion
rCorr  +         Reflect  .     q - ring of fire
SustAt .         Harm     .     (no ring)
MR     .....                    (no ring)
Stlth  +++.......               (no ring)
                                (no ring)
                                (no ring)
                                (no ring)

@: appendage, very slightly contaminated, not resistant to hostile enchantments,
fairly stealthy
A: almost no armour, amphibious, 8 rings, constrict 8, tentacle spike 3,
camouflage 1, gelatinous body 1
a: End Transformation


You were on level 5 of the Dungeon.
You were hungry.
One of your tentacles had a temporary spike.
You visited 1 branch of the dungeon, and saw 5 of its levels.

You collected 163 gold pieces.

Inventory:

Missiles
 a - 41 arrows
 h - 34 poisoned needles
Jewellery
 k - a ring of resist corrosion (left tentacle)
 q - a ring of fire (right tentacle)
Potions
 e - a potion of agility
 g - a potion of cancellation
 m - a potion of heal wounds {unknown}
 n - a potion of might {unknown}
Books
 b - a book of Changes

   Spells                             Type                      Level
   a - Beastly Appendage              Transmutation                1
   b - Sticks to Snakes               Transmutation                2
   c - Spider Form                    Transmutation/Poison         3
   d - Ice Form                       Ice/Transmutation            4
   e - Blade Hands                    Transmutation                5
Comestibles
 c - a bread ration
 f - 3 meat rations
 o - 3 fruits
 p - 2 beef jerkies


   Skills:
 + Level 1.9 Fighting
 + Level 2.8 Dodging
 + Level 3.2 Stealth
 + Level 4.0 Unarmed Combat
 + Level 3.2 Spellcasting
 + Level 3.5 Transmutations
 + Level 0.8 Poison Magic


You had 7 spell levels left.
You knew the following spells:

 Your Spells              Type           Power        Failure   Level  Hunger
a - Beastly Appendage     Trmt           ##....       6%          1    None
b - Spider Form           Trmt/Pois      #.........   28%         3    ###....


Dungeon Overview and Level Annotations

Branches:
Dungeon (5/15)
 Temple: D:4-7

Altars:

Annotations:
D:4 Sigmund


Innate Abilities, Weirdness & Mutations

You cannot wear most types of armour.
You are amphibious.
You can wear up to eight rings at the same time.
You can use your tentacles to constrict eight enemies at once.
Your skin changes colour to match your surroundings (Stealth).
Your rubbery body absorbs attacks (AC +1).
One of your tentacles bears a large vicious spike.


Message History

You tentacle-slap the giant frog zombie.
You squeeze the giant frog zombie. You constrict the giant frog zombie.
The giant frog zombie hits you.
* * * LOW HITPOINT WARNING * * *
The giant frog zombie hits you.
* * * LOW HITPOINT WARNING * * *
You tentacle-slap the orc but do no damage.
You grab the orc.
You constrict the orc, but do no damage.
You constrict the giant frog zombie.
The giant frog zombie barely misses you.
The orc hits you with a whip.
* * * LOW HITPOINT WARNING * * *
You tentacle-slap the giant frog zombie.
You constrict the orc. You constrict the giant frog zombie.
You are feeling hungry.
The giant frog zombie hits you.
* * * LOW HITPOINT WARNING * * *
The orc hits you with a whip.
You die...

# .#..#. #. #.. ##
.#..#..#..#.. ##.
...#..#..#.$ ##..
#.......... #...
..........# ##)..
..........## ##.)).
.......Z...## ##.....
.......@....# ##......
..$...o.....# ###.......
.........)..###.........
.........[.##...........
........###รท..###......#
......####..### ###....#
.#######...#### ##...#
###.....###.# #...
............# #..


You could see an orc and a giant frog zombie.

Vanquished Creatures
  An orc priest (D:5)
  An orc wizard (D:5)
  5 worker ants
  6 adders
  A worm (D:2)
  2 dart slugs
  2 giant geckos (D:1)
  8 orcs
  2 giant cockroaches
  7 goblins
  5 hobgoblins
  6 bats
  2 giant newts
  6 kobolds
  12 rats
66 creatures vanquished.

Notes
Turn   | Place    | Note
--------------------------------------------------------------
     0 | D:1      | graki42 the Octopode Transmuter began the quest for the Orb.
     0 | D:1      | Reached XP level 1. HP: 13/13 MP: 3/3
   115 | D:1      | Reached XP level 2. HP: 16/18 MP: 3/5
   564 | D:2      | Reached XP level 3. HP: 18/23 MP: 4/6
   593 | D:2      | Reached skill level 1 in Stealth
   622 | D:2      | Learned a level 3 spell: Spider Form
  1140 | D:2      | Reached XP level 4. HP: 28/28 MP: 5/7
  2246 | D:4      | Reached XP level 5. HP: 34/34 MP: 5/9
  2348 | D:4      | Noticed Sigmund
  2543 | D:5      | Entered Level 5 of the Dungeon
  2640 | D:5      | Reached XP level 6. HP: 14/39 MP: 8/10
  2851 | D:5      | Reached skill level 4 in Unarmed Combat
  2884 | D:5      | Slain by an orc

Vault maps used:
D:1:      saegor_arrival_simple_c, st_stairs_3
D:2:      minmay_stone_trees_medium
D:3:      minivault_26, serial_bayou_lagoon_a
D:4:      grunt_temple_overflow_open, uniq_sigmund
D:5:      lemuel_crystal_altar, first_bread, serial_shops,
          kennysheep_little_box, minmay_misc_feat_diagonals, bloody_trog

Skill      XL: |  1  2  3  4  5  6 |
---------------+-------------------+-----
Stealth        | 1 2 3 |  3.2
Spellcasting   | 3 |  3.2
Transmutations | 3 |  3.5
Unarmed Combat | 4 |  4.0
Fighting       | |  1.9
Dodging        | |  2.8
Poison Magic   | |  0.8

Action                   |  1- 3 |  4- 6 || total
-------------------------+-------+-------++-------
Melee: Unarmed           |    59 |    98 ||   157
 Cast: Beastly Appendage |    22 |    28 ||    50
       Spider Form       |     1 |     2 ||     3
  Use: Scroll            |       |     5 ||     5
       Potion            |       |     1 ||     1
 Stab: Sleeping          |     7 |     6 ||    13
  Eat: Chunk             |     1 |     6 ||     7
